TOP OF THE 1ST |
Madison Bombers batting - Pitching for Plymouth Rocks : RHP José Martínez
|
Pitching: RHP José Martínez
|
|
Batting: LHB Robin Hill
|
0-0: Ground out 4-3 (Groundball, 4)
|
Batting: RHB Alonso Holguín
|
0-0: Ground out 6-3 (Groundball, 6M)
|
Batting: LHB Seung-chun Mun
|
0-0: Ball 1-0: Ball 2-0: DOUBLE (Line Drive, 9LS)
|
Batting: RHB Vicente Aguirre
|
0-0: Called Strike 0-1: Called Strike 0-2: Ball 1-2: Ball 2-2: Strikes out swinging
|
Top of the 1st over - 0 run(s), 1 hit(s), 0 error(s), 1 left on base; Madison 0 - Plymouth 0 |
BOTTOM OF THE 1ST |
Plymouth Rocks batting - Pitching for Madison Bombers : RHP Arturo Leal
|
Pitching: RHP Arturo Leal
|
|
Batting: RHB Luis Sánchez
|
0-0: Ball 1-0: Foul Ball, location: 2F 1-1: Fly out, F6 (Line Drive, 6)
|
Batting: RHB Andrés Lara
|
0-0: Called Strike 0-1: Fly out, F9 (Flyball, 9S)
|
Batting: LHB Roy Patrick
|
0-0: Fly out, F7 (Flyball, 7S)
|
Bottom of the 1st over - 0 run(s), 0 hit(s), 0 error(s), 0 left on base; Madison 0 - Plymouth 0 |
TOP OF THE 2ND |
Madison Bombers batting - Pitching for Plymouth Rocks : RHP José Martínez
|
Batting: LHB Mike Callahan
|
0-0: Foul Ball, location: 2F 0-1: Swinging Strike 0-2: Ball 1-2: Ball 2-2: Strikes out looking
|
Batting: RHB Sergio Márquez
|
0-0: Fly out, F9 (Flyball, 89D)
|
Batting: SHB Jorge Flores
|
0-0: Called Strike 0-1: Called Strike 0-2: Fly out, F8 (Flyball, 8LXD)
|
Top of the 2nd over - 0 run(s), 0 hit(s), 0 error(s), 0 left on base; Madison 0 - Plymouth 0 |
BOTTOM OF THE 2ND |
Plymouth Rocks batting - Pitching for Madison Bombers : RHP Arturo Leal
|
Now at 1B: Sixto Cantú
|
|
Batting: LHB Roger Moore
|
0-0: Ball 1-0: Called Strike 1-1: Ball 2-1: Ball 3-1: SOLO HOME RUN (Flyball, 9LD), Distance : 340 ft
|
Batting: LHB Barrett Waters
|
0-0: Called Strike 0-1: Called Strike 0-2: SINGLE (Line Drive, 6MD)
|
Batting: RHB Víctor Chávez
|
0-0: Called Strike 0-1: Ball 1-1: Fly out, F7 (Line Drive, 78M)
|
Batting: RHB Juan Valverde
|
0-0: Ball 1-0: Foul Ball, location: 2F 1-1: Grounds into double play, 4-6-3 (Groundball, 4)
|
Bottom of the 2nd over - 1 run(s), 2 hit(s), 0 error(s), 0 left on base; Madison 0 - Plymouth 1 |
TOP OF THE 3RD |
Madison Bombers batting - Pitching for Plymouth Rocks : RHP José Martínez
|
Batting: RHB Guo-xiu Choi
|
0-0: Ball 1-0: Ground out 4-3 (Groundball, 13)
|
Batting: SHB Dave MacThomas
|
0-0: Bunted foul 0-1: Ground out 3-1 (Groundball, 34)
|
Batting: LHB Robin Hill
|
0-0: Fly out, F7 (Flyball, 7M)
|
Top of the 3rd over - 0 run(s), 0 hit(s), 0 error(s), 0 left on base; Madison 0 - Plymouth 1 |
BOTTOM OF THE 3RD |
Plymouth Rocks batting - Pitching for Madison Bombers : RHP Arturo Leal
|
Batting: RHB Jorge Jiménez
|
0-0: Called Strike 0-1: Called Strike 0-2: Fly out, F7 (Flyball, 7LSF)
|
Batting: LHB Sean Nicks
|
0-0: Ball 1-0: Called Strike 1-1: Ball 2-1: Called Strike 2-2: Foul Ball, location: 2F 2-2: Ball 3-2: Foul Ball, location: 2F 3-2: Foul Ball, location: 2F 3-2: Base on Balls
|
Batting: RHB Luis Sánchez
|
0-0: Called Strike 0-1: Swinging Strike 0-2: Foul Ball, location: 2F 0-2: Fly out, F8 (Flyball, 8LXD)
|
Batting: RHB Andrés Lara
|
0-0: Ball 1-0: Foul Ball, location: 2F 1-1: Foul Ball, location: 2F 1-2: Ball 2-2: Ground out 6-3 (Groundball, 56)
|
Bottom of the 3rd over - 0 run(s), 0 hit(s), 0 error(s), 1 left on base; Madison 0 - Plymouth 1 |
TOP OF THE 4TH |
Madison Bombers batting - Pitching for Plymouth Rocks : RHP José Martínez
|
Batting: RHB Alonso Holguín
|
0-0: Ball 1-0: Foul Ball, location: 2F 1-1: Fly out, F8 (Flyball, 8RM)
|
Batting: LHB Seung-chun Mun
|
0-0: Called Strike 0-1: Foul Ball, location: 2F 0-2: Strikes out swinging
|
Batting: RHB Vicente Aguirre
|
0-0: Foul Ball, location: 2F 0-1: Foul Ball, location: 2F 0-2: Foul Ball, location: 2F 0-2: DOUBLE (Groundball, 5L)
|
Batting: LHB Sixto Cantú
|
0-0: DOUBLE (Line Drive, 7LS) Vicente Aguirre scores
|
Batting: RHB Sergio Márquez
|
0-0: Ball 1-0: Foul Ball, location: 2F 1-1: Ball 2-1: Ball 3-1: Base on Balls
|
Batting: SHB Jorge Flores
|
0-0: Ball Wild Pitch! Sixto Cantú to third Sergio Márquez to second 1-0: Swinging Strike 1-1: Foul Ball, location: 2F 1-2: Foul Ball, location: 2F 1-2: Strikes out swinging
|
Top of the 4th over - 1 run(s), 2 hit(s), 0 error(s), 2 left on base; Madison 1 - Plymouth 1 |
BOTTOM OF THE 4TH |
Plymouth Rocks batting - Pitching for Madison Bombers : RHP Arturo Leal
|
Batting: LHB Roy Patrick
|
0-0: Ground out 6-3 (Groundball, 6)
|
Batting: LHB Roger Moore
|
0-0: Swinging Strike 0-1: Called Strike 0-2: Strikes out swinging
|
Batting: LHB Barrett Waters
|
0-0: Swinging Strike 0-1: Ball 1-1: Ball 2-1: Ground out 4-3 (Groundball, 4)
|
Bottom of the 4th over - 0 run(s), 0 hit(s), 0 error(s), 0 left on base; Madison 1 - Plymouth 1 |
TOP OF THE 5TH |
Madison Bombers batting - Pitching for Plymouth Rocks : RHP José Martínez
|
Batting: RHB Guo-xiu Choi
|
0-0: Ball 1-0: Called Strike 1-1: Foul Ball, location: 2F 1-2: Ball 2-2: DOUBLE (Line Drive, 9LS)
|
Batting: SHB Dave MacThomas
|
0-0: Called Strike Guo-xiu Choi is caught stealing 3rd base 0-1: Ball 1-1: Foul Ball, location: 2F 1-2: Ball 2-2: Fly out, F7 (Flyball, 7D)
|
Batting: LHB Robin Hill
|
0-0: Ball 1-0: Ground out U3 (Groundball, 3)
|
Top of the 5th over - 0 run(s), 1 hit(s), 0 error(s), 0 left on base; Madison 1 - Plymouth 1 |
BOTTOM OF THE 5TH |
Plymouth Rocks batting - Pitching for Madison Bombers : RHP Arturo Leal
|
Batting: RHB Víctor Chávez
|
0-0: Ball 1-0: Foul Ball, location: 2F 1-1: Ball 2-1: Called Strike 2-2: Ball 3-2: SINGLE (Flyball, 8LS)
|
Batting: RHB Juan Valverde
|
0-0: Called Strike 0-1: 2-RUN HOME RUN (Flyball, 7D), Distance : 416 ft
|
Batting: RHB Jorge Jiménez
|
0-0: Ball 1-0: SINGLE (Line Drive, 89M)
|
Batting: LHB Sean Nicks
|
0-0: Ball 1-0: Foul Ball, location: 2F 1-1: Ball 2-1: Ball 3-1: Grounds into double play, 4-6-3 (Groundball, 4)
|
Batting: RHB Luis Sánchez
|
0-0: Swinging Strike 0-1: Swinging Strike 0-2: Ball 1-2: Ball 2-2: Ball 3-2: SINGLE (Groundball, 4MD)
|
Batting: RHB Andrés Lara
|
0-0: Ground out 5-3 (Groundball, 5S)
|
Bottom of the 5th over - 2 run(s), 4 hit(s), 0 error(s), 1 left on base; Madison 1 - Plymouth 3 |
TOP OF THE 6TH |
Madison Bombers batting - Pitching for Plymouth Rocks : RHP José Martínez
|
Batting: RHB Alonso Holguín
|
0-0: Ball 1-0: Called Strike 1-1: Foul Ball, location: 2F 1-2: Foul Ball, location: 2F 1-2: Ground out 1-3 (Groundball, 13)
|
Batting: LHB Seung-chun Mun
|
0-0: Swinging Strike 0-1: Swinging Strike 0-2: Ball 1-2: Foul Ball, location: 2F 1-2: Strikes out swinging
|
Batting: RHB Vicente Aguirre
|
0-0: Called Strike 0-1: Ball 1-1: Called Strike 1-2: Fly out, F8 (Flyball, 89S)
|
Top of the 6th over - 0 run(s), 0 hit(s), 0 error(s), 0 left on base; Madison 1 - Plymouth 3 |
BOTTOM OF THE 6TH |
Plymouth Rocks batting - Pitching for Madison Bombers : RHP Arturo Leal
|
Batting: LHB Roy Patrick
|
0-0: Ball 1-0: Ball 2-0: SOLO HOME RUN (Flyball, 89XD), Distance : 423 ft
|
Batting: LHB Roger Moore
|
0-0: Ball 1-0: Ground out U3 (Groundball, 3L)
|
Batting: LHB Barrett Waters
|
0-0: Swinging Strike 0-1: Ball 1-1: Foul Ball, location: 2F 1-2: Foul Ball, location: 2F 1-2: Strikes out swinging
|
Batting: RHB Víctor Chávez
|
0-0: Called Strike 0-1: Fly out, F9 (Flyball, 9M)
|
Bottom of the 6th over - 1 run(s), 1 hit(s), 0 error(s), 0 left on base; Madison 1 - Plymouth 4 |
TOP OF THE 7TH |
Madison Bombers batting - Pitching for Plymouth Rocks : RHP José Martínez
|
Batting: LHB Sixto Cantú
|
0-0: Fly out, F8 (Flyball, 8RXD)
|
Batting: RHB Sergio Márquez
|
0-0: Swinging Strike 0-1: Ball 1-1: DOUBLE (Groundball, 5L)
|
Batting: SHB Jorge Flores
|
0-0: Foul Ball, location: 2F 0-1: Ball 1-1: Ball 2-1: Foul Ball, location: 2F 2-2: Strikes out swinging
|
Batting: RHB Guo-xiu Choi
|
0-0: SINGLE (Line Drive, 4MD) Sergio Márquez to third Runner from 3rd tries for Home, SAFE, throw made home Guo-xiu Choi to second
|
Batting: SHB Dave MacThomas
|
0-0: Foul Ball, location: 2F 0-1: Ball 1-1: Fly out, F7 (Flyball, 7M)
|
Top of the 7th over - 1 run(s), 2 hit(s), 0 error(s), 1 left on base; Madison 2 - Plymouth 4 |
BOTTOM OF THE 7TH |
Plymouth Rocks batting - Pitching for Madison Bombers : RHP Arturo Leal
|
Batting: RHB Juan Valverde
|
0-0: Ball 1-0: Foul Ball, location: 2F 1-1: Ball 2-1: Fly out, F4 (Popup, 4M)
|
Batting: RHB Jorge Jiménez
|
0-0: Swinging Strike 0-1: Ground out 4-3 (Groundball, 4)
|
Batting: LHB Sean Nicks
|
0-0: Ball 1-0: Ball 2-0: Swinging Strike 2-1: Called Strike 2-2: SINGLE (Line Drive, 34D)
|
Batting: RHB Luis Sánchez
|
0-0: Called Strike 0-1: Fielders Choice at 2nd, U6 (Groundball, 6M)
|
Bottom of the 7th over - 0 run(s), 1 hit(s), 0 error(s), 1 left on base; Madison 2 - Plymouth 4 |
TOP OF THE 8TH |
Madison Bombers batting - Pitching for Plymouth Rocks : RHP José Martínez
|
Now at C: Tadakuni Sugiyama
|
|
Now at 1B: Júlio Negrón
|
|
Batting: LHB Robin Hill
|
0-0: Called Strike 0-1: Ground out 6-3 (Groundball, 6M)
|
Batting: RHB Alonso Holguín
|
0-0: Called Strike 0-1: Ball 1-1: Called Strike 1-2: Fly out, F8 (Flyball, 8LS)
|
Batting: LHB Seung-chun Mun
|
0-0: Ball 1-0: Called Strike 1-1: Swinging Strike 1-2: Foul Ball, location: 2F 1-2: DOUBLE (Flyball, 78XD)
|
Batting: RHB Vicente Aguirre
|
0-0: Ball 1-0: Swinging Strike 1-1: Foul Ball, location: 2F 1-2: Strikes out looking
|
Top of the 8th over - 0 run(s), 1 hit(s), 0 error(s), 1 left on base; Madison 2 - Plymouth 4 |
BOTTOM OF THE 8TH |
Plymouth Rocks batting - Pitching for Madison Bombers : RHP Arturo Leal
|
Batting: RHB Andrés Lara
|
0-0: Ball 1-0: Fly out, F9 (Line Drive, 89M)
|
Batting: LHB Roy Patrick
|
0-0: Called Strike 0-1: Called Strike 0-2: Ball 1-2: Foul Ball, location: 2F 1-2: Ball 2-2: Foul Ball, location: 2F 2-2: Ground out 4-3 (Groundball, 4M)
|
Batting: LHB Roger Moore
|
0-0: Swinging Strike 0-1: Foul Ball, location: 2F 0-2: Foul Ball, location: 2F 0-2: Ball 1-2: SINGLE (Flyball, 7S)
|
Batting: LHB Barrett Waters
|
0-0: Called Strike Roger Moore steals 2nd base 0-1: Ball 1-1: Ball 2-1: Called Strike 2-2: DOUBLE (Line Drive, 89D) Roger Moore scores
|
Batting: RHB Víctor Chávez
|
0-0: Foul Ball, location: 2F 0-1: Fly out, F8 (Flyball, 8RM)
|
Bottom of the 8th over - 1 run(s), 2 hit(s), 0 error(s), 1 left on base; Madison 2 - Plymouth 5 |
TOP OF THE 9TH |
Madison Bombers batting - Pitching for Plymouth Rocks : RHP José Martínez
|
Pitching: RHP Lorenzo Ramos
|
|
Batting: LHB Sixto Cantú
|
0-0: Ball 1-0: Fly out, F7 (Flyball, 78D)
|
Batting: RHB Sergio Márquez
|
0-0: Ball 1-0: Ground out 5-3 (Groundball, 56S)
|
Batting: SHB Jorge Flores
|
0-0: Ball 1-0: Swinging Strike 1-1: Foul Ball, location: 2F 1-2: SINGLE (Line Drive, 4M)
|
Batting: RHB Guo-xiu Choi
|
0-0: Called Strike 0-1: Called Strike 0-2: Strikes out swinging
|
Top of the 9th over - 0 run(s), 1 hit(s), 0 error(s), 1 left on base; Madison 2 - Plymouth 5 |
|